 Dungeon Crawl Stone Soup version 0.28-a0-21-gf74fda84f9 (webtiles) character file.

Game seed: 6748646143859339232

1890 flyleaff the Thaumaturge (level 8, -3/61 HPs)
             Began as a Purple Draconian Conjurer on July 26, 2021.
             Killed by divine providence
             ... invoked by an orc priest
              (13 damage)
             ... on level 7 of the Dungeon.
             The game lasted 00:19:59 (8385 turns).

flyleaff the Thaumaturge (DrCj)                     Turns: 8385, Time: 00:20:02

Health: -3/61      AC: 13    Str: 10    XL:     8   Next: 92%
Magic:  20/20      EV: 12    Int: 21    God:
Gold:   295        SH:  0    Dex:  9    Spells: 11/23 levels left

rFire   . . .      SeeInvis .   i - +2 short sword (speed)
rCold   . . .      Faith    .   f - +2 buckler
rNeg    . . .      Spirit   .   (armour unavailable)
rPois   +          Reflect  .   (helmet restricted)
rElec   .          Harm     .   (no cloak)
rCorr   .          Rampage  .   (no gloves)
Will    +....                   j - +2 pair of boots
Stlth   +.........              (no amulet)
HPRegen 0.20/turn               d - ring of poison resistance
MPRegen 0.17/turn               k - +4 ring of protection

@: confused, ambrosia-drunk
A: breathe power, AC +6, unfitting armour, cold-blooded
a: Breathe Dispelling Energy


You were on level 7 of the Dungeon.
You visited 1 branch of the dungeon, and saw 7 of its levels.
You also visited: Sewer.

You collected 295 gold pieces.

Inventory:

Hand Weapons
 e - a +1 dagger
 i - a +2 short sword of speed (weapon)
Armour
 f - a +2 buckler (worn)
 j - a +2 pair of boots (worn)
Magical Staves
 l - a staff of fire
 q - a staff of cold
Jewellery
 d - a ring of poison resistance (left hand)
 k - a +4 ring of protection (right hand)
 s - an amulet of faith
Wands
 g - a wand of flame (29)
 n - a wand of charming (6)
Scrolls
 o - 2 scrolls of teleportation
Potions
 a - 2 potions of might
 b - 3 potions of resistance
 c - a potion of lignification
 h - a potion of haste
 m - 3 potions of ambrosia
 p - a potion of brilliance {unknown}
 r - a potion of berserk rage {unknown}
 t - a potion of heal wounds {unknown}


   Skills:
 - Level 2.1 Fighting
 - Level 2.6 Dodging
 - Level 1.7 Stealth
 + Level 6.7 Shields
 + Level 8.3 Spellcasting
 - Level 4.5 Conjurations
 - Level 2.2 Summonings
 - Level 2.2 Translocations
 - Level 2.2 Fire Magic


You had 11 spell levels left.
You knew the following spells:

 Your Spells              Type           Power      Damage    Failure   Level
a - Magic Dart            Conj           100%       1d8       1%          1
b - Iskenderun's Mystic   Conj/Tloc      22%        2d6       19%         4
c - Searing Ray           Conj           54%        3d5       1%          2
d - Mephitic Cloud        Conj/Pois/Air  15%        N/A       12%         3
e - Call Imp              Summ           18%        N/A       4%          2

Your spell library contained the following spells:

 Spells                   Type           Power      Damage    Failure   Level
 Summon Small Mammal      Summ           72%        N/A       3%          1
 Call Canine Familiar     Summ           18%        N/A       9%          3
 Dazzling Flash           Conj/Hex       36%        N/A       9%          3
 Summon Guardian Golem    Hex/Summ       13%        N/A       14%         3
 Fulminant Prism          Conj/Hex       9%         3d7       30%         4


Dungeon Overview and Level Annotations

Branches:
Dungeon (7/15)              Sewer (visited)
 Temple: D:4-7

Altars:
Ashenzari
Trog
Xom


Innate Abilities, Weirdness & Mutations

You can breathe bolts of dispelling energy.
Your rich purple scales are hard. (AC +6)
You cannot fit into any form of body armour.
You are cold-blooded and may be slowed by cold attacks.


Message History

The orc priest hits you but does no damage.
You completely miss the orc priest.
The orc priest is heavily wounded.
The orc priest calls upon Beogh to heal something.
You hit the orc priest but do no damage.
Your tail-slap misses the orc priest.
The orc priest is heavily wounded.
The orc priest calls upon Beogh to heal the orc.
The orc is healed somewhat.
You hit the orc priest.
The orc priest is severely wounded.
You hit the orc priest.
The orc priest is severely wounded.
The orc priest calls upon Beogh to heal something.
You hit the orc priest.
Your tail-slap misses the orc priest.
The orc priest is almost dead.
The orc priest hits you but does no damage.
The orc priest calls upon Beogh to heal the orc priest.
The orc priest is healed somewhat.
You hit the orc priest but do no damage.
The orc priest is severely wounded.
You hit the orc priest.
Your tail-slap misses the orc priest.
The orc priest is almost dead.
The orc priest invokes the aid of Beogh against you.
Beogh smites you!
You hit the orc priest.
The orc priest is almost dead.
The orc priest mumbles some strange prayers to Beogh against you.
Pain shoots through your body!
The orc priest mumbles some strange prayers to Beogh against you.
Beogh smites you!
* * * LOW HITPOINT WARNING * * *
It was a potion of ambrosia.
You are confused.
You feel invigorated.
The orc priest hits you with a +0 flail.
* * * LOW HITPOINT WARNING * * *
The orc priest calls down the wrath of Beogh upon you.
Beogh smites you!
You die...

# ### #...## .. ...
.....>## #.. #o#
#....... #... #.#
###....... ..o.o #@#
#......... ....c.#o####
#......... ......oo)..#
....#....
.....o#.##.######.##....
.######.##.#............
..##.#............
...##'#............
....#...............
.....#.........##....


You could see an orc warrior, 2 orc priests, an orc wizard (confused) and an
orc.

Vanquished Creatures
  A water moccasin (D:6)
  2 necrophages
  A sky beast (D:6)
  A centaur (D:7)
  A phantom (D:4)
  2 kobold brigands
  A bullfrog (D:6)
  3 scorpions
  A water moccasin zombie (D:6)
  2 wights (D:6)
  A jelly (D:7)
  2 bullfrog zombies (D:6)
  4 centaur zombies (D:6)
  An orc priest (D:7)
  2 hounds
  6 iguanas
  3 orc wizards
  A howler monkey zombie (D:7)
  11 adders
  A gnoll (D:6)
  A river rat (D:6)
  2 white imps (D:6)
  4 dart slugs
  9 orcs
  13 ball pythons
  5 bats
  8 endoplasms
  3 giant cockroaches (D:2)
  10 goblins
  2 hobgoblins
  18 jackals
  20 kobolds
  6 quokkas
  4 frilled lizards
  4 rats
156 creatures vanquished.

Vanquished Creatures (collateral kills)
  An orc priest (D:3)
  A gnoll (D:6)
  3 orcs
  A kobold (D:4)
6 creatures vanquished.

Vanquished Creatures (others)
  A gnoll sergeant (D:6)
  An orc priest (D:4)
  A gnoll (D:6)
  An orc (D:4)
  15 plants (Sewer)
  3 toadstools (D:2)
22 creatures vanquished.

Grand Total: 184 creatures vanquished

Notes
Turn   | Place    | Note
-------+----------+-------------------------------------------
     0 | D:1      | flyleaff the Draconian Conjurer began the quest for the
                  | Orb.
     0 | D:1      | Reached XP level 1. HP: 14/14 MP: 3/3
   382 | D:1      | Reached XP level 2. HP: 22/22 MP: 3/5
   460 | D:1      | Found a faded altar of an unknown god.
   601 | D:1      | Reached skill level 1 in Fighting
  1101 | D:1      | Reached XP level 3. HP: 28/28 MP: 6/6
  2274 | D:2      | Found a bloodstained altar of Trog.
  2528 | D:2      | Reached XP level 4. HP: 36/36 MP: 1/7
  3143 | D:3      | Found a bloodstained altar of Trog.
  3234 | D:3      | Learned a level 4 spell: Iskenderun's Mystic Blast
  3238 | D:3      | Learned a level 3 spell: Call Canine Familiar
  3367 | D:3      | Reached XP level 5. HP: 24/41 MP: 1/9
  3395 | D:3      | Reached skill level 1 in Summonings
  3395 | D:3      | Reached skill level 1 in Translocations
  3395 | D:3      | Reached skill level 1 in Fire Magic
  3731 | D:3      | Found a broken altar of Ashenzari.
  3731 | D:3      | Found a shimmering altar of Xom.
  4347 | D:4      | Noticed a phantom
  4356 | D:4      | Killed a phantom
  4357 | D:4      | Reached XP level 6. HP: 46/48 MP: 1/10
  4704 | D:5      | Entered Level 5 of the Dungeon
  4784 | D:5      | Reached skill level 3 in Spellcasting
  4785 | D:5      | Reached skill level 1 in Shields
  4963 | D:5      | You fall into a shaft and drop 1 floor!
  5188 | D:6      | Your scales start taking on a rich purple colour.
  5188 | D:6      | Reached skill level 4 in Spellcasting
  5188 | D:6      | Reached XP level 7. HP: 28/55 MP: 1/13
  5532 | D:6      | Found a glowing drain.
  5541 | Sewer    | Entered a sewer
  5651 | Sewer    | Learned a level 3 spell: Mephitic Cloud
  5654 | Sewer    | Learned a level 2 spell: Call Imp
  5658 | Sewer    | Learned a level 2 spell: Searing Ray
  6417 | D:6      | Reached skill level 5 in Spellcasting
  6736 | D:6      | Reached skill level 6 in Spellcasting
  6766 | D:6      | Reached XP level 8. HP: 47/61 MP: 3/17
  6969 | D:6      | Reached skill level 5 in Shields
  7033 | D:6      | Reached skill level 7 in Spellcasting
  8100 | D:7      | Reached skill level 8 in Spellcasting
  8385 | D:7      | Killed from afar by an orc priest

Illustrated notes

Levels and vault maps discovered:
D:1:      lightli_arrival_windingriver, layout_basic,
          chequers_ecumenical_altar_island
D:2:      layout_loops_corners, basic_altar, minmay_gold_behind_fungi
D:3:      layout_loops_ring, trog_book, gammafunk_temple_overflow_wave,
          chequers_hall_statues_wall_a
D:4:      minmay_wonky_spiral, layout_cave_pools
D:5:      layout_loops_cross, minmay_overflow_temple_star_hex
D:6:      minmay_bubble_buster, layout_basic, serial_corexii_hall,
          chequers_hall_statues_corner_a, chequers_hall_statues_wall_a,
          chequers_hall_statues_y, chequers_hall_statues_y,
          cheibrodos_sewer_entry_sluice
D:7:      layout_basic, minmay_temple_entry_drinking_statues,
          uniq_crazy_yiuf_cottage, uniq_pikel

Skill      XL: |  1  2  3  4  5  6  7  8 |
---------------+-------------------------+-----
Dodging        | 2 |  2.6
Fighting       | 1 2 |  2.1
Summonings     | 2 |  2.2
Translocations | 2 |  2.2
Fire Magic     | 2 |  2.2
Spellcasting   | 4 6 8 |  8.3
Shields        | 2 4 6 |  6.7
Stealth        | |  1.7
Conjurations   | |  4.5

Action                   |  1- 3 |  4- 6 |  7- 9 || total
-------------------------+-------+-------+-------++-------
Melee: Unarmed           |    19 |       |       ||    19
       Tailslap          |    11 |    20 |    32 ||    63
       Dagger            |   105 |   173 |    60 ||   338
       Short sword       |       |       |   299 ||   299
 Cast: Magic Dart        |    70 |    80 |    69 ||   219
       Call Canine Famil |       |     2 |       ||     2
       Searing Ray       |       |       |     6 ||     6
       Call Imp          |       |       |     2 ||     2
       Mephitic Cloud    |       |       |     2 ||     2
 Abil: Breathe Dispellin |       |       |     3 ||     3
Evoke: Wand              |       |     4 |     3 ||     7
  Use: Scroll            |       |    12 |     6 ||    18
       Potion            |       |       |     1 ||     1
 Stab: Sleeping          |     1 |     3 |     2 ||     6
Armor: Skin              |    52 |   122 |   133 ||   307
Dodge: Dodged            |    98 |   142 |   197 ||   437
Block: Buckler           |       |    30 |   115 ||   145

Table legend: (Time is in decaauts)
 A = Elapsed time spent in this place.
 B = Non-inter-level travel time spent in this place.
 C = Inter-level travel time spent in this place.
 D = Time resting spent in this place.
 E = Time spent auto-exploring this place.
 F = Levels seen in this place.
 G = Mean time per level.
                   A        B        C        D        E       F      G
               +--------+--------+--------+--------+--------+-----+--------+
         Total |   8490 |   8331 |    159 |      3 |   6657 |   8 | 1061.2 |
       Dungeon |   7471 |   7312 |    159 |      3 |   5943 |   7 | 1067.3 |
         Sewer |   1018 |   1018 |      0 |      0 |    714 |   1 | 1018.0 |
               +--------+--------+--------+--------+--------+-----+--------+

Top non-repeatable levels by time:
     D:6: 2127 daAuts
     D:1: 1393 daAuts
     D:2: 1288 daAuts
     D:3: 1082 daAuts
   Sewer: 1018 daAuts
     D:4: 948 daAuts
     D:7: 370 daAuts
     D:5: 260 daAuts
